General information
- name: BNet
- type: Ladder team game (AT/RT)
- host: Battle.net
- saver: TheNlggerOfBnet
map: DragonFalls
- players: 8
- length: 38:09
- speed: Fast
- version: 1.26 W3XP
- replay type: Public
» download(254 KB)
Players
team 1 (winner)
KoReA4TeHwiN (
orange | 66 APM | 2526 actions | 38:09)
4 Mountain King
2 Storm Bolt
2 Bash
» actions
| Assign group hotkey | 209 | |
| Basic commands | 26 | |
| Build / train | 61 | |
| Enter build submenu | 25 | |
| Enter hero's abilities submenu | 4 | |
| Remove unit from queue | 2 | |
| Right click | 901 | |
| Select / deselect | 512 | |
| Select group hotkey | 723 | |
| Use ability | 63 | |
2526 total
» units
| Peasant | 12 | |
| Footman | 2 | |
| Rifleman | 10 | |
| Sorceress | 3 | |
| Priest | -1 | |
| Spell Breaker | 4 | |
30 total
» upgrades
» buildings
| Scout Tower | 3 | |
| Arcane Tower | 2 | |
| Altar of Kings | 1 | |
| Barracks | 3 | |
| Farm | 15 | |
| Blacksmith | 1 | |
| Lumber Mill | 1 | |
| Arcane Vault | 1 | |
| Keep | 3 | |
| Guard Tower | 5 | |
| Arcane Sanctum | 2 | |
| Castle | 1 | |
| Town Hall | 1 | |
39 total
» build order
00:36 Scout Tower
01:03 Arcane Tower
01:09 Altar of Kings
01:12 Barracks
01:14 Barracks
01:22 Farm
01:38 Farm
02:14 Farm
02:15 Farm
02:39 Blacksmith
02:43 Lumber Mill
04:08 Farm
04:11 Farm
05:10 Barracks
05:28 Farm
05:30 Farm
05:45 Arcane Vault
07:03 Keep
07:03 Keep
09:22 Farm
09:32 Farm
10:17 Guard Tower
10:20 Scout Tower
10:21 Scout Tower
10:24 Guard Tower
11:04 Guard Tower
11:05 Guard Tower
11:34 Arcane Sanctum
11:35 Arcane Sanctum
12:58 Farm
12:59 Farm
13:00 Farm
13:02 Farm
13:03 Farm
13:09 Arcane Tower
14:24 Guard Tower
20:30 Castle
22:47 Town Hall
» items
| Scroll of Town Portal | 3 | |
| Scroll of Speed | 1 | |
| Ivory Tower | 5 | |
| Scroll of Regeneration | 1 | |
10 total
TheNlggerOfBnet (
teal | 101 APM | 3835 actions | 38:09)
8 Mountain King
3 Storm Bolt
3 Bash
1 Avatar
1 Thunder Clap
» actions
| Assign group hotkey | 127 | |
| Basic commands | 212 | |
| Build / train | 183 | |
| ESC pressed | 4 | |
| Enter build submenu | 49 | |
| Enter hero's abilities submenu | 8 | |
| Give item / drop item | 4 | |
| Right click | 1473 | |
| Select / deselect | 695 | |
| Select group hotkey | 904 | |
| Use ability | 176 | |
3835 total
» units
| Peasant | 12 | |
| Footman | 5 | |
| Goblin Zeppelin | 3 | |
| Goblin Shredder | 1 | |
| Gryphon Rider | 9 | |
| Goblin Sapper | 12 | |
42 total
» upgrades
| Swords | 3 | |
| Masonry | 3 | |
| Armor | 4 | |
| Animal War Training | 1 | |
| Storm Hammers | 1 | |
| Cloud | 1 | |
| Plating | 1 | |
| Gunpowder | 1 | |
| Lumber Harvesting | 1 | |
16 total
» buildings
| Altar of Kings | 1 | |
| Barracks | 1 | |
| Farm | 6 | |
| Scout Tower | 30 | |
| Lumber Mill | 1 | |
| Arcane Tower | 10 | |
| Blacksmith | 1 | |
| Guard Tower | 49 | |
| Keep | 3 | |
| Town Hall | 2 | |
| Arcane Vault | 2 | |
| Castle | 1 | |
| Gryphon Aviary | 2 | |
109 total
» build order
00:52 Altar of Kings
00:54 Barracks
00:56 Farm
01:07 Farm
01:35 Farm
01:40 Scout Tower
01:55 Lumber Mill
02:14 Arcane Tower
02:14 Arcane Tower
02:32 Blacksmith
02:52 Scout Tower
03:19 Guard Tower
03:19 Guard Tower
03:33 Farm
03:49 Keep
03:49 Keep
03:49 Keep
04:54 Town Hall
05:16 Arcane Vault
05:28 Scout Tower
05:31 Scout Tower
05:59 Arcane Tower
05:59 Arcane Tower
06:53 Scout Tower
06:55 Scout Tower
07:59 Arcane Tower
07:59 Guard Tower
07:59 Guard Tower
08:34 Guard Tower
09:56 Castle
10:13 Town Hall
10:14 Scout Tower
10:15 Scout Tower
10:25 Scout Tower
10:27 Scout Tower
10:42 Guard Tower
10:43 Guard Tower
10:43 Guard Tower
10:44 Scout Tower
10:46 Scout Tower
10:55 Guard Tower
10:55 Guard Tower
10:56 Guard Tower
11:03 Scout Tower
11:18 Guard Tower
11:18 Guard Tower
11:18 Guard Tower
11:19 Guard Tower
11:19 Guard Tower
11:19 Guard Tower
11:52 Scout Tower
11:53 Scout Tower
11:55 Scout Tower
12:40 Guard Tower
12:44 Scout Tower
12:47 Scout Tower
12:55 Gryphon Aviary
12:57 Gryphon Aviary
13:38 Guard Tower
13:40 Arcane Tower
13:40 Arcane Tower
13:40 Arcane Tower
17:55 Arcane Vault
18:55 Farm
18:56 Farm
19:02 Scout Tower
19:03 Scout Tower
19:03 Scout Tower
19:04 Scout Tower
19:05 Scout Tower
20:04 Guard Tower
20:04 Guard Tower
30:00 Scout Tower
30:01 Scout Tower
30:06 Scout Tower
30:07 Scout Tower
30:17 Scout Tower
30:19 Scout Tower
30:31 Guard Tower
30:31 Guard Tower
30:31 Guard Tower
30:43 Guard Tower
30:43 Guard Tower
30:43 Guard Tower
31:14 Guard Tower
31:14 Guard Tower
31:15 Scout Tower
32:24 Guard Tower
32:24 Guard Tower
32:24 Guard Tower
» items
| Scroll of Regeneration | 7 | |
| Lesser Clarity Potion | 4 | |
| Mechanical Critter | 2 | |
| Scroll of Town Portal | 6 | |
| Healing Salve | 1 | |
| Ivory Tower | 1 | |
| Staff of Sanctuary | 1 | |
| Potion of Healing | 3 | |
| Potion of Mana | 1 | |
| Scroll of Healing | 1 | |
| Periapt of Vitality | 1 | |
| Staff of Teleportation | 1 | |
29 total
HardcoreJorge (
red | 55 APM | 2095 actions | 38:09)
7 Archmage
3 Summon Water Elemental
3 Brilliance Aura
1 Mass Teleport
» actions
| Assign group hotkey | 69 | |
| Basic commands | 271 | |
| Build / train | 102 | |
| Enter build submenu | 53 | |
| Enter hero's abilities submenu | 7 | |
| Give item / drop item | 2 | |
| Right click | 646 | |
| Select / deselect | 373 | |
| Select group hotkey | 445 | |
| Use ability | 127 | |
2095 total
» units
| Peasant | 17 | |
| Footman | 6 | |
| Goblin Shredder | 1 | |
| Gryphon Rider | 6 | |
| Rifleman | 3 | |
| Priest | 2 | |
| Goblin Zeppelin | 1 | |
| Green Dragon | 3 | |
39 total
» upgrades
| Masonry | 3 | |
| Storm Hammers | 1 | |
| Animal War Training | 1 | |
| Swords | 3 | |
| Armor | 3 | |
| Cloud | 1 | |
| Gunpowder | 3 | |
| Long Rifles | 1 | |
| Priest Training | 2 | |
| Magic Sentry | 1 | |
19 total
» buildings
| Altar of Kings | 1 | |
| Barracks | 4 | |
| Farm | 13 | |
| Keep | 1 | |
| Lumber Mill | 1 | |
| Town Hall | 2 | |
| Scout Tower | 20 | |
| Arcane Vault | 1 | |
| Guard Tower | 14 | |
| Castle | 1 | |
| Gryphon Aviary | 4 | |
| Blacksmith | 2 | |
| Arcane Tower | 1 | |
| Arcane Sanctum | 2 | |
67 total
» build order
00:48 Altar of Kings
00:50 Barracks
00:52 Farm
00:53 Farm
01:05 Farm
01:38 Farm
03:18 Keep
03:51 Lumber Mill
04:55 Town Hall
05:03 Scout Tower
05:03 Scout Tower
05:04 Scout Tower
05:27 Arcane Vault
05:32 Guard Tower
05:32 Guard Tower
05:38 Guard Tower
05:38 Guard Tower
05:41 Scout Tower
06:13 Guard Tower
07:35 Castle
08:22 Gryphon Aviary
08:22 Gryphon Aviary
08:23 Gryphon Aviary
08:24 Gryphon Aviary
08:28 Blacksmith
08:29 Blacksmith
08:34 Farm
08:40 Scout Tower
08:44 Scout Tower
09:37 Arcane Tower
09:38 Guard Tower
10:05 Farm
10:07 Farm
10:21 Scout Tower
10:21 Scout Tower
10:22 Scout Tower
10:23 Scout Tower
10:25 Scout Tower
10:26 Scout Tower
10:28 Scout Tower
11:00 Guard Tower
11:13 Scout Tower
11:23 Guard Tower
12:49 Guard Tower
13:22 Scout Tower
13:24 Scout Tower
13:25 Scout Tower
13:27 Scout Tower
13:32 Scout Tower
13:34 Scout Tower
14:20 Guard Tower
16:50 Barracks
16:50 Barracks
16:51 Barracks
16:56 Arcane Sanctum
17:04 Arcane Sanctum
17:41 Farm
17:42 Farm
17:44 Farm
17:46 Farm
17:48 Farm
17:51 Farm
26:28 Town Hall
» items
| Potion of Healing | 2 | |
| Scroll of Town Portal | 6 | |
| Mechanical Critter | 4 | |
| Healing Salve | 2 | |
| Potion of Lesser Invulnerability | 1 | |
| Periapt of Vitality | 1 | |
16 total
FishBeanz (
yellow | 21 APM | 800 actions | 38:09)
5 Blademaster
2 Critical Strike
3 Wind Walk
» actions
| Assign group hotkey | 8 | |
| Basic commands | 20 | |
| Build / train | 41 | |
| Enter build submenu | 17 | |
| Enter hero's abilities submenu | 6 | |
| Give item / drop item | 4 | |
| Right click | 289 | |
| Select / deselect | 214 | |
| Select group hotkey | 144 | |
| Use ability | 57 | |
800 total
» units
| Peon | 13 | |
| Grunt | 8 | |
| Goblin Shredder | 1 | |
22 total
» upgrades
| Berserker Strength | 1 | |
| Spiked Barricades | 1 | |
| Liquid Fire | 1 | |
3 total
» buildings
| Altar of Storms | 1 | |
| Orc Burrow | 6 | |
| Barracks | 1 | |
| Voodoo Lounge | 1 | |
| Stronghold | 1 | |
| War Mill | 2 | |
| Fortress | 1 | |
| Beastiary | 1 | |
| Great Hall | 4 | |
18 total
» build order
00:07 Altar of Storms
00:11 Orc Burrow
00:18 Barracks
01:35 Orc Burrow
02:15 Voodoo Lounge
02:33 Orc Burrow
03:53 Orc Burrow
05:13 Stronghold
07:01 War Mill
07:45 Fortress
09:58 Beastiary
13:13 Great Hall
15:44 Great Hall
19:07 Orc Burrow
19:17 Orc Burrow
25:35 Great Hall
26:33 Great Hall
31:07 War Mill
» items
| Healing Salve | 2 | |
| Boots of Speed | 1 | |
| Orb of Lightning | 1 | |
| Scroll of Town Portal | 1 | |
| Potion of Healing | 1 | |
| Lesser Clarity Potion | 1 | |
| Scroll of Regeneration | 1 | |
8 total
team 2 (loser)
rghy7 (
pink | 76 APM | 1896 actions | 24:56)
4 Archmage
2 Summon Water Elemental
2 Brilliance Aura
3 Paladin
1 Holy Light
1 Divine Shield
1 Devotion Aura
» actions
| Assign group hotkey | 31 | |
| Basic commands | 31 | |
| Build / train | 68 | |
| Enter build submenu | 18 | |
| Enter hero's abilities submenu | 7 | |
| Give item / drop item | 1 | |
| Right click | 356 | |
| Select / deselect | 443 | |
| Select group hotkey | 867 | |
| Use ability | 74 | |
1896 total
» units
| Peasant | 13 | |
| Rifleman | 17 | |
| Priest | 5 | |
| Sorceress | 3 | |
| Goblin Zeppelin | 6 | |
44 total
» upgrades
| Armor | 1 | |
| Long Rifles | 1 | |
| Gunpowder | 1 | |
3 total
» buildings
| Scout Tower | 4 | |
| Farm | 11 | |
| Arcane Tower | 4 | |
| Altar of Kings | 1 | |
| Blacksmith | 1 | |
| Barracks | 1 | |
| Lumber Mill | 1 | |
| Keep | 1 | |
| Arcane Vault | 1 | |
| Arcane Sanctum | 1 | |
26 total
» build order
00:48 Scout Tower
01:08 Farm
01:20 Arcane Tower
01:27 Altar of Kings
01:40 Blacksmith
01:50 Barracks
02:08 Farm
02:13 Farm
02:14 Farm
02:22 Scout Tower
02:42 Farm
03:00 Arcane Tower
03:05 Scout Tower
03:34 Arcane Tower
03:43 Scout Tower
04:11 Arcane Tower
04:20 Farm
04:38 Lumber Mill
05:46 Keep
06:17 Farm
06:55 Farm
06:56 Farm
08:01 Arcane Vault
08:24 Arcane Sanctum
12:05 Farm
20:37 Farm
» items
mazan (
green | 80 APM | 1996 actions | 24:52)
2 Blademaster
1 Wind Walk
1 Critical Strike
2 Shadow Hunter
1 Hex
1 Healing Wave
» actions
| Assign group hotkey | 19 | |
| Basic commands | 7 | |
| Build / train | 59 | |
| Enter build submenu | 22 | |
| Enter hero's abilities submenu | 4 | |
| Remove unit from queue | 1 | |
| Right click | 707 | |
| Select / deselect | 422 | |
| Select group hotkey | 638 | |
| Use ability | 117 | |
1996 total
» units
| Peon | 11 | |
| Troll Witch Doctor | 3 | |
| Shaman | 5 | |
| Tauren | 4 | |
23 total
» upgrades
| Spiked Barricades | 1 | |
| Witch Doctor Training | 2 | |
| Shaman Training | 2 | |
| Melee Weapons | 1 | |
| Reinforced Defenses | 1 | |
| Armor | 1 | |
8 total
» buildings
| Orc Burrow | 7 | |
| Altar of Storms | 1 | |
| War Mill | 1 | |
| Voodoo Lounge | 1 | |
| Stronghold | 1 | |
| Watch Tower | 7 | |
| Fortress | 1 | |
| Spirit Lodge | 1 | |
| Tauren Totem | 1 | |
| Great Hall | 2 | |
23 total
» build order
00:26 Orc Burrow
00:27 Altar of Storms
01:35 War Mill
01:44 Voodoo Lounge
03:00 Stronghold
03:18 Watch Tower
05:03 Watch Tower
05:23 Fortress
05:28 Spirit Lodge
05:58 Orc Burrow
06:01 Orc Burrow
06:21 Watch Tower
07:36 Orc Burrow
08:21 Tauren Totem
09:17 Great Hall
11:56 Watch Tower
12:00 Watch Tower
12:39 Great Hall
14:24 Orc Burrow
14:28 Watch Tower
15:05 Orc Burrow
16:13 Watch Tower
16:23 Orc Burrow
» items
| Healing Salve | 1 | |
| Lesser Clarity Potion | 4 | |
| Scroll of Speed | 1 | |
| Orb of Lightning | 2 | |
| Potion of Lesser Invulnerability | 1 | |
| Staff of Teleportation | 1 | |
| Potion of Healing | 6 | |
| Potion of Mana | 4 | |
20 total
GOSU.INDEED- (
blue | 49 APM | 1874 actions | 38:09)
7 Blademaster
3 Wind Walk
3 Critical Strike
1 Bladestorm
» actions
| Assign group hotkey | 67 | |
| Basic commands | 8 | |
| Build / train | 71 | |
| Enter build submenu | 23 | |
| Enter hero's abilities submenu | 7 | |
| Give item / drop item | 4 | |
| Right click | 747 | |
| Select / deselect | 239 | |
| Select group hotkey | 586 | |
| Use ability | 122 | |
1874 total
» units
| Peon | 15 | |
| Grunt | 4 | |
| Goblin Shredder | 2 | |
| Wind Rider | 6 | |
| Goblin Sapper | 10 | |
| Raider | 7 | |
44 total
» upgrades
| Ranged Weapons | 2 | |
| Armor | 2 | |
| Envenomed Spears | 1 | |
| Reinforced Defenses | 1 | |
6 total
» buildings
| Altar of Storms | 1 | |
| Orc Burrow | 6 | |
| Barracks | 1 | |
| Voodoo Lounge | 1 | |
| Stronghold | 2 | |
| War Mill | 2 | |
| Great Hall | 1 | |
| Beastiary | 3 | |
| Fortress | 2 | |
| Watch Tower | 20 | |
39 total
» build order
00:07 Altar of Storms
00:18 Orc Burrow
00:37 Barracks
01:26 Orc Burrow
01:59 Voodoo Lounge
03:04 Stronghold
03:04 Stronghold
03:59 Orc Burrow
04:18 War Mill
05:03 Great Hall
05:52 Beastiary
06:35 Fortress
06:35 Fortress
06:46 Beastiary
07:06 Orc Burrow
07:54 Watch Tower
07:54 Watch Tower
07:55 Watch Tower
07:56 Watch Tower
07:58 Watch Tower
07:59 Watch Tower
08:25 War Mill
09:14 Watch Tower
09:14 Watch Tower
09:15 Watch Tower
09:43 Beastiary
12:08 Orc Burrow
12:09 Orc Burrow
13:48 Watch Tower
13:48 Watch Tower
13:49 Watch Tower
13:50 Watch Tower
13:51 Watch Tower
13:52 Watch Tower
14:31 Watch Tower
14:32 Watch Tower
14:32 Watch Tower
15:20 Watch Tower
15:30 Watch Tower
» items
| Healing Salve | 3 | |
| Boots of Speed | 1 | |
| Staff of Teleportation | 1 | |
| Lesser Clarity Potion | 1 | |
| Orb of Lightning | 1 | |
| Tiny Great Hall | 1 | |
| Scroll of Town Portal | 1 | |
9 total

»
gg.wc3 (
purple | 88 APM | 2185 actions | 24:46)
4 Tauren Chieftain
2 War Stomp
2 Endurance Aura
3 Shadow Hunter
2 Hex
1 Healing Wave
» actions
| Assign group hotkey | 25 | |
| Basic commands | 136 | |
| Build / train | 89 | |
| ESC pressed | 5 | |
| Enter build submenu | 36 | |
| Enter hero's abilities submenu | 7 | |
| Give item / drop item | 2 | |
| Right click | 711 | |
| Select / deselect | 280 | |
| Select group hotkey | 776 | |
| Use ability | 118 | |
2185 total
» units
| Peon | 18 | |
| Grunt | 6 | |
| Troll Headhunter/Berserker | 1 | |
| Raider | 15 | |
| Troll Batrider | 5 | |
| Troll Witch Doctor | 7 | |
52 total
» upgrades
| Spiked Barricades | 1 | |
| Armor | 1 | |
| Melee Weapons | 2 | |
| Pillage | 1 | |
| Ensnare | 1 | |
| Witch Doctor Training | 2 | |
| Reinforced Defenses | 1 | |
| Ranged Weapons | 1 | |
10 total
» buildings
| Altar of Storms | 1 | |
| Orc Burrow | 6 | |
| Barracks | 1 | |
| Voodoo Lounge | 1 | |
| War Mill | 1 | |
| Great Hall | 5 | |
| Stronghold | 1 | |
| Watch Tower | 11 | |
| Beastiary | 3 | |
| Fortress | 1 | |
| Spirit Lodge | 1 | |
32 total
» build order
00:13 Altar of Storms
00:22 Orc Burrow
00:51 Barracks
01:33 Orc Burrow
02:04 Voodoo Lounge
03:14 War Mill
04:29 Great Hall
04:42 Stronghold
05:05 Orc Burrow
05:26 Watch Tower
05:49 Watch Tower
06:11 Orc Burrow
07:58 Beastiary
08:02 Beastiary
08:04 Beastiary
09:03 Fortress
09:33 Orc Burrow
11:27 Spirit Lodge
13:29 Orc Burrow
16:53 Great Hall
17:37 Watch Tower
17:38 Watch Tower
18:40 Watch Tower
18:40 Watch Tower
20:18 Great Hall
21:06 Great Hall
21:07 Watch Tower
21:09 Watch Tower
21:12 Watch Tower
21:41 Great Hall
21:44 Watch Tower
21:50 Watch Tower
» items
| Healing Salve | 3 | |
| Boots of Speed | 1 | |
| Periapt of Vitality | 1 | |
| Scroll of Town Portal | 3 | |
| Scroll of Speed | 2 | |
| Orb of Lightning | 1 | |
| Lesser Clarity Potion | 1 | |
| Potion of Mana | 1 | |
13 total
Chat log
(03:25 / All) TheNlggerOfBnet: you are a good player green
(03:28 / All) TheNlggerOfBnet: harassing at level 1
(04:26 / All) HardcoreJorge: nice mh
(04:49 / All) HardcoreJorge: lol
(07:05 / Allies) HardcoreJorge: help
(07:25 / Allies) HardcoreJorge: help
(07:36 / Allies) TheNlggerOfBnet: fuck misclicked
(10:51 / All) TheNlggerOfBnet: you are a great player green
(11:11 / Allies) TheNlggerOfBnet: wood
(13:44 / All) TheNlggerOfBnet: hahahaha
(14:25 / All) TheNlggerOfBnet: Green you need to uninstall
(14:33 / All) TheNlggerOfBnet: you are one of the worst orcs ever
(14:53 / Allies) TheNlggerOfBnet: wood
(15:02 / Allies) TheNlggerOfBnet: thanks
(18:41 / All) HardcoreJorge: keep forgetting to buy tp
(21:35 / All) gg.wc3: lol yello
(21:44 / All) TheNlggerOfBnet: just stop getting the sh
(21:47 / Allies) FishBeanz: i need 200g
(21:48 / All) TheNlggerOfBnet: you can't use it
(22:07 / Allies) FishBeanz: 200g
(22:18 / Allies) FishBeanz: ill give wood
(22:22 / All) TheNlggerOfBnet: good tp, green
(22:22 / All) TheNlggerOfBnet: lol
(22:37 / Allies) FishBeanz: red u have 4k
(22:39 / Allies) FishBeanz: give me 200
(23:00 / Allies) FishBeanz: teal give me 200g
(23:03 / Allies) FishBeanz: u got 9k
(23:50 / Allies) FishBeanz: teal give me 200g
(24:21 / Allies) HardcoreJorge: tp orange and I wll
(24:34 / Allies) FishBeanz: give me 200 fucking gold someone
(24:58 / All) TheNlggerOfBnet: lol
(25:24 / All) GOSU.INDEED-: they asked if i would help and i said y would i nobody defended my expo
(25:37 / All) GOSU.INDEED-: then i said purple didn trealize i sappered his expos twice and he got pissed off
(25:55 / All) TheNlggerOfBnet: I raped green all game
(26:12 / All) TheNlggerOfBnet: and constantly harassed him, killed his heroes over and over
(26:16 / All) TheNlggerOfBnet: he could not kill 1 peasant of mine
(26:19 / All) HardcoreJorge: I had to deal with orc tc/sh with raiders and bats
(26:22 / All) HardcoreJorge: plus mass riffs
(26:31 / All) TheNlggerOfBnet: you got the unlucky spawn position away from jake
(27:58 / All) TheNlggerOfBnet: Korea for the lose
(28:23 / Allies) KoReA4TeHwiN: fgt
(29:03 / All) GOSU.INDEED-: purple was an elitest he was like "lol u guys let teal get that expo up "
(29:15 / All) TheNlggerOfBnet: Orange you can leave now
(29:21 / All) TheNlggerOfBnet: Yellow, you can go
(29:24 / All) HardcoreJorge: green was prob mher
(29:24 / All) TheNlggerOfBnet: we didn't need you from the start
(29:30 / All) TheNlggerOfBnet: green was horrible lol
(29:33 / All) HardcoreJorge: after I creeped expo
(29:43 / All) HardcoreJorge: and picked off weak footies and shit
(29:49 / All) TheNlggerOfBnet: If green had mh it was for a reason
(29:52 / All) HardcoreJorge: then they kept pinging it
(29:53 / All) GOSU.INDEED-: i dont think green mh he just rotated around map
(30:06 / All) HardcoreJorge: perfect timing
(30:40 / All) GOSU.INDEED-: he pointed out teal and oj had mks so he went ur side, which would be about the time bot riht is making an expo
(32:17 / All) TheNlggerOfBnet: lawl you had toggle formation on for a second
(32:19 / All) TheNlggerOfBnet: saw purp's army going slow
(32:46 / All) GOSU.INDEED-: not sure wut u mean had peons in group tho i guess
(32:55 / All) FishBeanz: ill minimze and let you dbags waste your time
(32:59 / All) GOSU.INDEED-: lawl
(33:02 / All) GOSU.INDEED-: fishbeanz #1
(33:41 / All) HardcoreJorge: you gon' mess up my queue ain't ya
(34:10 / All) HardcoreJorge: take that expo out
(34:12 / All) HardcoreJorge: that you just flew by
(34:19 / All) HardcoreJorge: mid right
(34:41 / All) GOSU.INDEED-: woot
(34:50 / All) GOSU.INDEED-: red won that game
(34:57 / All) GOSU.INDEED-: teal and yel lost
(35:03 / All) TheNlggerOfBnet: that's what I guessed
(35:05 / All) TheNlggerOfBnet: my bet was right
(35:21 / All) HardcoreJorge: standoff last night lasted almost 10 hours
(35:27 / All) GOSU.INDEED-: oh yea
(35:34 / All) GOSU.INDEED-: no i don tthink i tidid
(35:39 / All) HardcoreJorge: it did
(35:41 / All) GOSU.INDEED-: said i ended at 1am pacific
(35:48 / All) HardcoreJorge: 4:25 or less am, to 1:15 pm
(35:59 / All) GOSU.INDEED-: oh i read it wrong i think let me check
(36:27 / All) TheNlggerOfBnet: ANYTHING TO SAY FOR YOURSELVES yellow and orange?
(36:41 / All) HardcoreJorge: Orange, sorry it's just business
(36:51 / All) HardcoreJorge: The Stabber Protocol
(36:53 / All) GOSU.INDEED-: yea ur right
(36:55 / All) GOSU.INDEED-: 10 hour standoff
(37:00 / All) GOSU.INDEED-: p5666 is a nigga
(37:28 / All) HardcoreJorge: orange was a very compliant ally
(37:39 / All) GOSU.INDEED-: give him win?
(37:44 / All) HardcoreJorge: Nah
(37:45 / All) GOSU.INDEED-: oh fish bean still here
(37:46 / All) HardcoreJorge: yellow still here
(37:49 / All) HardcoreJorge: plus that's bad for business
(38:02 / All) TheNlggerOfBnet: end it